[Event "Titled Tuesday Blitz August 15 Late 2023"]
[White "Wieczorek, Oskar"]
[Black "Radivojevic, Ivan"]
[WhiteFideId "1133950"]
[BlackFideId "928461"]
[WhiteElo "2616"]
[BlackElo "2327"]
[Result "0-1"]
[Round "1"]
[TimeControl "180+1"]
[Date "2023.08.15"]
[WhiteClock "0:00:08"]
[BlackClock "0:00:07"]
[Board "110"]

1. e4 c6 2. d4 d5 3. Nd2 dxe4 4. Nxe4 Nf6 5. Nxf6+ gxf6 6. c3 Bf5 7. Nf3 e6 8. g3 Bg7 9. Bg2 O-O 10. O-O Nd7 11. Nh4 Bg6 12. Re1 Qc7 13. Be3 Rfe8 14. b4 Rad8 15. Qb3 b5 16. a4 a6 17. axb5 axb5 18. Ra6 Nb6 19. Rea1 Bd3 20. Ra7 Qd6 21. Bf4 Qf8 22. Bc7 Bc4 23. Qd1 Nd5 24. Bxd8 Rxd8 25. Qc2 f5 26. Nf3 Qd6 27. Qc1 h6 28. Ne5 Bxe5 29. dxe5 Qxe5 30. Qxh6 Qg7 31. Qxg7+ Kxg7 32. R7a3 e5 33. Rc1 e4 34. Ra6 Rd6 35. Bf1 Bxf1 36. Kxf1 f4 37. gxf4 Nxf4 38. Re1 f5 39. h3 Nxh3 40. Kg2 Nf4+ 41. Kg3 Nd5 42. f3 Rg6+ 43. Kf2 e3+ 44. Kf1 f4 45. Re2 Rd6 46. Rg2+ Kf6 47. Rg4 Kf5 48. Ra8 Nxc3 49. Rf8+ Ke6 50. Rg6+ Ke7 51. Rxd6 Kxd6 52. Rxf4 Nd5 53. Re4 c5 54. bxc5+ Kxc5 55. f4 b4 56. Ke1 b3 57. Re8 b2 58. Rc8+ Kb5 59. Rb8+ Nb6 60. Ke2 b1=Q 61. Kxe3 Qb4 62. Rd8 Qe7+ 0-1


[Site "https://www.chess.com"]

[Event "Titled Tuesday Blitz August 15 Late 2023"]
[White "Cheer_Down"]
[Black "Sydoryka, Vladyslav"]
[BlackFideId "14145928"]
[WhiteElo "2325"]
[BlackElo "2612"]
[Result "0-1"]
[Round "1"]
[TimeControl "180+1"]
[Date "2023.08.15"]
[WhiteClock "0:00:28"]
[BlackClock "0:01:58"]
[Board "111"]

1. e4 c6 2. d4 d5 3. e5 Bf5 4. Nf3 e6 5. Be2 c5 6. Be3 Qb6 7. Nc3 Nc6 8. O-O Qxb2 9. Qe1 cxd4 10. Bxd4 Nxd4 11. Nxd4 Bb4 12. Ndb5 Ba5 13. Rb1 Qxc2 14. Rc1 Qb2 15. Nd6+ Kf8 16. Nxf5 exf5 17. Rb1 Qxc3 18. Qd1 Ne7 19. Rxb7 Qxe5 20. Bf3 g6 21. Rb5 Qc7 22. Qd4 Bc3 23. Qd3 Kg7 24. Rc1 Rac8 25. Bxd5 Nxd5 26. Rxd5 Rhd8 27. Rxc3 Qxc3 0-1


[Site "https://www.chess.com"]

[Event "Titled Tuesday Blitz August 15 Late 2023"]
[White "Principe, Alexander"]
[Black "Kiselev, Pavel"]
[WhiteFideId "3804542"]
[BlackFideId "4191102"]
[WhiteElo "2607"]
[BlackElo "2324"]
[Result "1-0"]
[Round "1"]
[TimeControl "180+1"]
[Date "2023.08.15"]
[WhiteClock "0:02:03"]
[BlackClock "0:01:57"]
[Board "112"]

1. e4 Nc6 2. Bb5 e5 3. Nf3 Nf6 4. d3 d6 5. c3 Bd7 6. O-O Be7 7. Re1 a6 8. Ba4 b5 9. Bc2 O-O 10. Nbd2 Ne8 11. Nf1 f5 12. exf5 Bxf5 13. Ng3 Bg6 14. d4 exd4 15. Bxg6 hxg6 16. Nxd4 Nxd4 17. Qxd4 Bf6 18. Qd5+ Kh8 19. a4 Rb8 20. axb5 Rxb5 21. Qd3 Be5 22. Rxa6 Qf6 23. Ne4 Qh4 24. g3 Qxe4 25. Rxe4 1-0


[Site "https://www.chess.com"]

[Event "Titled Tuesday Blitz August 15 Late 2023"]
[White "ciroreva-CB"]
[Black "Vlassov, Nikolai"]
[BlackFideId "4103360"]
[WhiteElo "2324"]
[BlackElo "2605"]
[Result "1/2-1/2"]
[Round "1"]
[TimeControl "180+1"]
[Date "2023.08.15"]
[WhiteClock "0:00:12"]
[BlackClock "0:00:12"]
[Board "113"]

1. e4 Nc6 2. Nf3 d5 3. exd5 Qxd5 4. Nc3 Qa5 5. d4 Bg4 6. Bd2 O-O-O 7. d5 Nb4 8. Bc4 Bxf3 9. gxf3 Nf6 10. a3 Qc5 11. axb4 Qxc4 12. Rxa7 Nxd5 13. Ra8+ Kd7 14. Rxd8+ Kxd8 15. Bg5 c6 16. Nxd5 Qxd5 17. O-O Qxd1 18. Rxd1+ Ke8 19. c4 f6 20. Be3 e5 21. b5 cxb5 22. cxb5 Bb4 23. b6 Ke7 24. Rc1 Rd8 25. Rc4 Bd6 26. Kf1 g5 27. Ke2 Ke6 28. h3 Ra8 29. b3 Ra2+ 30. Kd3 h6 31. Rc8 f5 32. Rh8 f4 33. Bd2 Bc5 34. Rxh6+ Kd5 35. b4 Bxf2 36. Rh7 Bxb6 37. Rxb7 Ra3+ 38. Ke2 Be3 39. Bxe3 Rxe3+ 40. Kf2 Rb3 41. Rd7+ Ke6 42. Rb7 Rb2+ 43. Kf1 Kd5 44. Rd7+ Kc4 45. Rg7 Kd4 46. Rxg5 Rxb4 47. h4 Rb1+ 48. Kg2 Rb2+ 49. Kh3 e4 50. fxe4 f3 51. Kg3 f2 52. Rf5 Ke3 53. Rf3+ Kxe4 54. Rxf2 Rxf2 55. Kxf2 Kf4 56. h5 Kg5 57. h6 Kxh6 1/2-1/2


[Site "https://www.chess.com"]

[Event "Titled Tuesday Blitz August 15 Late 2023"]
[White "Caspi, Israel"]
[Black "Ouellet, Maili-Jade"]
[WhiteFideId "2807394"]
[BlackFideId "2620472"]
[WhiteElo "2604"]
[BlackElo "2323"]
[Result "1-0"]
[Round "1"]
[TimeControl "180+1"]
[Date "2023.08.15"]
[WhiteClock "0:00:14"]
[BlackClock "0:00:00"]
[Board "114"]

1. d4 Nf6 2. c4 e6 3. Nc3 Bb4 4. e3 O-O 5. Bd3 d5 6. Nf3 c5 7. O-O Nc6 8. a3 Bxc3 9. bxc3 dxc4 10. Bxc4 Qc7 11. Bd3 e5 12. dxe5 Nxe5 13. Nxe5 Qxe5 14. Bb2 Be6 15. Qc2 c4 16. Be2 Ng4 17. g3 Qh5 18. h4 g5 19. Kg2 gxh4 20. Rh1 h3+ 21. Kf1 Rad8 22. Rd1 h2 23. Kg2 Qg6 24. e4 f5 25. exf5 Bxf5 26. Bxc4+ Kh8 27. Rxd8 Rxd8 28. Qc1 Qc6+ 29. f3 Qxc4 30. Re1 Nf6 31. Kxh2 Rg8 32. Qh6 Qf7 33. c4 Rg6 34. Qf4 Be6 35. Rd1 Kg8 36. Rd8+ Kg7 37. g4 Rh6+ 38. Kg3 Rg6 39. g5 h6 40. Bxf6+ Qxf6 41. Qxf6+ Rxf6 42. gxf6+ Kxf6 43. Rb8 a6 44. Rxb7 Bxc4 45. Rb6+ Kg5 46. a4 Bd3 47. a5 h5 48. Rd6 Bb5 49. Rd5+ Kg6 50. Kh4 Be2 51. f4 Kf6 52. Re5 Bd3 53. Rc5 Be2 54. Re5 Bg4 55. Rg5 Be2 56. Rg2 Bf3 57. Rb2 Be4 58. Rb6+ Kf5 59. Rxa6 Kxf4 60. Kxh5 Ke5 61. Rb6 Kd5 62. Kg5 Kc5 63. Kf6 Bc6 64. Ke7 Bb5 65. Kd8 1-0


[Site "https://www.chess.com"]

[Event "Titled Tuesday Blitz August 15 Late 2023"]
[White "Gerbelli Neto, Eduardo"]
[Black "Gamayev, Oleg"]
[WhiteFideId "2103281"]
[BlackFideId "2802813"]
[WhiteElo "2323"]
[BlackElo "2604"]
[Result "1-0"]
[Round "1"]
[TimeControl "180+1"]
[Date "2023.08.15"]
[WhiteClock "0:00:42"]
[BlackClock "0:00:59"]
[Board "115"]

1. e4 d6 2. Nc3 Nf6 3. f4 e5 4. Nf3 exf4 5. d4 Be7 6. Bxf4 O-O 7. Bd3 c6 8. Qd2 Bg4 9. O-O-O Bh5 10. h3 Bg6 11. g4 d5 12. e5 Ne4 13. Bxe4 dxe4 14. Ng1 f6 15. Nge2 fxe5 16. Bxe5 Bg5 17. Bf4 Bxf4 18. Nxf4 Nd7 19. Nxg6 hxg6 20. Nxe4 Nf6 21. Ng5 Qd5 22. Kb1 Rae8 23. Rhg1 Ne4 24. Nxe4 Rxe4 25. c3 Ref4 26. Rde1 Qc4 27. Qe2 Qxe2 28. Rxe2 R8f7 29. h4 Rf2 30. Rxf2 Rxf2 31. h5 Kf7 32. hxg6+ Kxg6 33. Re1 Rf7 34. Re5 Kf6 35. Kc2 Rd7 36. Kd3 g5 37. Ke4 Rh7 38. Rf5+ Kg6 39. b4 Rh3 40. c4 Rg3 41. Re5 Rxg4+ 42. Ke3 Kf6 43. b5 cxb5 44. Rxb5 b6 45. a4 Rg3+ 46. Ke4 Ra3 47. c5 Rxa4 48. c6 Ke6 49. Rxg5 Ra5 50. Rxa5 bxa5 51. d5+ Kd6 52. Kd4 a4 53. Kc4 a5 54. Kc3 Kxd5 55. c7 Kc6 56. c8=Q+ Kb5 57. Qb7+ Kc5 58. Kb2 Kc4 59. Ka3 Kc5 60. Kxa4 Kc4 61. Kxa5 1-0


[Site "https://www.chess.com"]

[Event "Titled Tuesday Blitz August 15 Late 2023"]
[White "Altman, Joshua"]
[Black "Martinez, Shawn"]
[WhiteFideId "426210"]
[BlackFideId "2039770"]
[WhiteElo "2600"]
[BlackElo "2322"]
[Result "1-0"]
[Round "1"]
[TimeControl "180+1"]
[Date "2023.08.15"]
[WhiteClock "0:00:07"]
[BlackClock "0:00:08"]
[Board "116"]

1. d4 g6 2. c4 Bg7 3. Nc3 b6 4. Nf3 Bb7 5. Bg5 h6 6. Bh4 a6 7. e3 d6 8. Be2 Nd7 9. Qc2 g5 10. Bg3 e6 11. O-O Ne7 12. Rfd1 Ng6 13. Rac1 h5 14. h3 g4 15. hxg4 hxg4 16. Nh2 f5 17. d5 Qg5 18. dxe6 Nde5 19. Nd5 O-O-O 20. a4 Nh4 21. a5 Rdg8 22. axb6 Nef3+ 23. Bxf3 gxf3 24. c5 Be5 25. cxd6 Bxd6 26. Nxc7 Kb8 27. Nxa6+ Ka8 28. Nc7+ Kb8 29. Rxd6 Qxg3 30. fxg3 Rxg3 31. Nb5 Rxg2+ 32. Qxg2 Nxg2 33. e7 Bc8 34. Rd8 f2+ 35. Kxf2 Rxh2 36. Rcxc8+ Kb7 37. e8=Q Kxb6 38. Qc6+ Ka5 39. Ra8+ Kb4 40. Rd4+ Kb3 41. Qc4+ Kxb2 42. Ra2+ Kb1 43. Qc2# 1-0


[Site "https://www.chess.com"]

[Event "Titled Tuesday Blitz August 15 Late 2023"]
[White "Stachanczyk, Jacek"]
[Black "Ibadov, Dashgyn"]
[WhiteFideId "1116657"]
[BlackFideId "24107514"]
[WhiteElo "2322"]
[BlackElo "2599"]
[Result "0-1"]
[Round "1"]
[TimeControl "180+1"]
[Date "2023.08.15"]
[WhiteClock "0:01:19"]
[BlackClock "0:02:21"]
[Board "117"]

1. e4 e6 2. Nf3 d5 3. Nc3 Nf6 4. exd5 exd5 5. d4 Bd6 6. Bd3 O-O 7. O-O Bg4 8. Bg5 c6 9. h3 Bh5 10. g4 Bg6 11. Ne2 Nbd7 12. Qd2 Qc7 13. c3 Ne4 14. Bxe4 Bxe4 15. Kg2 f5 16. Ng1 fxg4 17. hxg4 Bh2 0-1


[Site "https://www.chess.com"]

[Event "Titled Tuesday Blitz August 15 Late 2023"]
[White "Isajevsky, Anton"]
[Black "Kujawski, Adam"]
[WhiteFideId "4142500"]
[BlackFideId "1100920"]
[WhiteElo "2595"]
[BlackElo "2321"]
[Result "1-0"]
[Round "1"]
[TimeControl "180+1"]
[Date "2023.08.15"]
[WhiteClock "0:00:04"]
[BlackClock "0:00:01"]
[Board "118"]

1. c4 e5 2. g3 Nc6 3. Bg2 d6 4. d3 Be6 5. Nf3 Qd7 6. h3 f6 7. Nc3 a5 8. e4 g6 9. Be3 Bg7 10. b3 Nge7 11. d4 Bf7 12. O-O O-O 13. dxe5 Nxe5 14. Nd4 f5 15. Rc1 fxe4 16. Nxe4 Nf5 17. Nxf5 Qxf5 18. Ng5 c6 19. Qxd6 Rad8 20. Qc7 Rd7 21. Qb6 h6 22. Nxf7 Rfxf7 23. f4 Nd3 24. Rcd1 Rfe7 25. Kh2 c5 26. Rf3 Nb2 27. Rxd7 Qxd7 28. Qxc5 Nd1 29. Bg1 Re2 30. Qd5+ Qxd5 31. cxd5 Bf8 32. Rd3 Nb2 33. Rd4 Bc5 34. Re4 Bxg1+ 35. Kxg1 Rd2 36. Re7 a4 37. Rxb7 Nd1 38. bxa4 Ne3 39. Be4 Rxa2 40. Bxg6 Rxa4 41. d6 Rd4 42. d7 Nd1 43. Rb8+ Kg7 44. d8=Q Rxd8 45. Rxd8 Kxg6 46. Rxd1 1-0


[Site "https://www.chess.com"]

[Event "Titled Tuesday Blitz August 15 Late 2023"]
[White "Okike, David"]
[Black "Aggelis, Nikolaos"]
[WhiteFideId "8500134"]
[BlackFideId "4213220"]
[WhiteElo "2321"]
[BlackElo "2594"]
[Result "0-1"]
[Round "1"]
[TimeControl "180+1"]
[Date "2023.08.15"]
[WhiteClock "0:00:07"]
[BlackClock "0:00:16"]
[Board "119"]

1. e4 c6 2. d4 d5 3. e5 c5 4. dxc5 e6 5. a3 Bxc5 6. Nf3 Nc6 7. b4 Bb6 8. Bb2 Nge7 9. Bd3 Ng6 10. g3 Qc7 11. Qe2 O-O 12. h4 Rd8 13. h5 Nf8 14. Nbd2 a5 15. b5 Ne7 16. O-O Bd7 17. a4 Rac8 18. c4 dxc4 19. Nxc4 Bc5 20. Rac1 b6 21. Rfd1 Nd5 22. Kg2 Nb4 23. Bb1 Be8 24. Nd6 Rb8 25. Bd4 Nd7 26. Qe4 g6 27. hxg6 hxg6 28. Bc3 Nd5 29. Bb2 Nf8 30. Rh1 Qe7 31. Nc4 f5 32. exf6 Nxf6 33. Qh4 Nh5 34. Qg4 Ng7 35. Nce5 Rd5 36. Be4 Rbd8 37. Ng5 Rd2 38. Nc4 Rxf2+ 39. Kh3 Bd4 40. Ba3 Qf6 41. Bg2 Nf5 42. Nf3 Nh7 43. Nh4 Ng5+ 44. Kh2 Nxh4 45. gxh4 Be5+ 46. Kg1 Bd4 47. Kh2 Nf3+ 48. Kh3 Ne5 49. Qg3 Nxc4 50. Rxc4 e5 51. Rc7 Bd7+ 52. Rxd7 Rxd7 53. Rd1 Rf7 54. Bc1 Qf5+ 55. Kh2 Qc2 56. Rg1 R2f6 57. Re1 Bf2 58. Qxe5 Bxe1 59. Qxe1 Rf2 60. Qg1 Rxg2+ 61. Qxg2 Rf2 62. Qxf2 Qxf2+ 63. Kh3 Qf3+ 64. Kh2 Qe2+ 65. Kh3 Qd3+ 66. Kg4 Qc4+ 67. Kg5 Qxa4 68. Kxg6 Qxb5 69. Bg5 Qc6+ 70. Kf5 Qd5+ 71. Kf6 a4 72. h5 a3 73. h6 Qc6+ 74. Kf5 Kh7 75. Bf6 a2 76. Bg7 Qd7+ 77. Ke4 Qxg7 78. hxg7 Kxg7 0-1


[Site "https://www.chess.com"]

[Event "Titled Tuesday Blitz August 15 Late 2023"]
[White "Hansen, Torbjorn Ringdal"]
[Black "Shapiro, Bryan"]
[WhiteFideId "1501720"]
[BlackFideId "2087740"]
[WhiteElo "2594"]
[BlackElo "2318"]
[Result "1-0"]
[Round "1"]
[TimeControl "180+1"]
[Date "2023.08.15"]
[WhiteClock "0:01:12"]
[BlackClock "0:00:52"]
[Board "120"]

1. e4 e5 2. Nf3 Nc6 3. Bb5 g6 4. Nc3 Bg7 5. d4 exd4 6. Nd5 h6 7. O-O Nge7 8. Re1 O-O 9. Bf4 d6 10. Qd2 Kh7 11. h3 Be6 12. Nxe7 Qxe7 13. Bxc6 bxc6 14. Nxd4 c5 15. Nxe6 fxe6 16. c3 Rab8 17. Rad1 Qf7 18. Be3 a5 19. b3 Qd7 20. e5 Bxe5 21. Bxh6 Qf7 22. Re4 Qf5 23. Rde1 Rf7 24. f4 Bf6 25. Rxe6 Kxh6 26. g4 Qxf4 27. Qxf4+ g5 28. Rxf6+ 1-0


[Site "https://www.chess.com"]

[Event "Titled Tuesday Blitz August 15 Late 2023"]
[White "Manon-og, Ramon Jr."]
[Black "Yang, Cayden"]
[WhiteFideId "5200776"]
[BlackFideId "30967260"]
[WhiteElo "2314"]
[BlackElo "2593"]
[Result "0-1"]
[Round "1"]
[TimeControl "180+1"]
[Date "2023.08.15"]
[WhiteClock "0:00:00"]
[BlackClock "0:00:47"]
[Board "121"]

1. e4 c5 2. Nf3 d6 3. Bb5+ Nd7 4. a4 a6 5. Be2 Ngf6 6. Nc3 g6 7. O-O Bg7 8. d4 cxd4 9. Nxd4 O-O 10. Bg5 Nc5 11. f3 Qb6 12. Bxf6 Bxf6 13. Nd5 Qxb2 14. Nxf6+ exf6 15. a5 Qc3 16. Kh1 Rd8 17. Nb3 Nxb3 18. cxb3 Be6 19. Rc1 Qxa5 20. Qd4 Qe5 21. Qb6 d5 22. Bd3 Qd6 23. Qxb7 Rdb8 24. Qc6 Qxc6 25. Rxc6 Rxb3 26. Bxa6 dxe4 27. fxe4 Re3 28. h3 Kg7 29. Rb1 Rxe4 30. Rbb6 Rd8 31. Rc7 Rd2 32. Bb7 Re3 33. Kg1 h5 34. Bf3 Bxh3 35. Rbb7 Be6 36. Re7 Re1+ 37. Kh2 h4 38. Rxe6 Rxe6 39. Kh3 g5 40. Kg4 Rd4+ 41. Kh3 Re3 42. Kh2 g4 43. Bc6 Rd2 44. Ra7 h3 0-1


[Site "https://www.chess.com"]

[Event "Titled Tuesday Blitz August 15 Late 2023"]
[White "Krishnan, Varun"]
[Black "Daianu, Cristian-Clement"]
[WhiteFideId "5054508"]
[BlackFideId "1208926"]
[WhiteElo "2592"]
[BlackElo "2310"]
[Result "1-0"]
[Round "1"]
[TimeControl "180+1"]
[Date "2023.08.15"]
[WhiteClock "0:01:16"]
[BlackClock "0:02:05"]
[Board "122"]

1. d4 d5 2. c4 e6 3. Nc3 f5 4. Nf3 Nf6 5. g3 c6 6. Bg2 Bd6 7. O-O O-O 8. b3 Kh8 9. Bb2 Nbd7 10. Qc2 Ne4 11. Nd1 Qf6 12. a4 Qh6 13. Ba3 Bxa3 14. Rxa3 Ndf6 15. Ne5 Bd7 16. Ne3 Be8 17. b4 Bh5 18. c5 a6 19. Qb2 g5 20. b5 f4 21. Nd1 axb5 22. axb5 Rxa3 23. Qxa3 Bxe2 24. bxc6 Bxf1 25. cxb7 Bxg2 26. Kxg2 g4 27. c6 f3+ 28. Kg1 Qd2 29. Qxf8+ Ng8 30. Nf7# 1-0


[Site "https://www.chess.com"]

[Event "Titled Tuesday Blitz August 15 Late 2023"]
[White "Shapiro, Daniel"]
[Black "luksona14"]
[WhiteFideId "2001780"]
[WhiteElo "2306"]
[BlackElo "2586"]
[Result "0-1"]
[Round "1"]
[TimeControl "180+1"]
[Date "2023.08.15"]
[WhiteClock "0:00:00"]
[BlackClock "0:00:28"]
[Board "123"]

1. d4 Nf6 2. c4 e6 3. g3 d5 4. Nf3 dxc4 5. Bg2 a6 6. O-O Nc6 7. e3 Bd6 8. Qe2 O-O 9. Qxc4 Bd7 10. Nc3 Qe7 11. a3 Rab8 12. e4 e5 13. d5 Na5 14. Qa2 b5 15. Re1 Nc4 16. a4 c6 17. h3 Rfc8 18. Bf1 cxd5 19. exd5 e4 20. Ng5 Bf5 21. axb5 axb5 22. Bg2 e3 23. Bxe3 Nxe3 24. Rxe3 Qd7 25. g4 Bg6 26. Nge4 Nxe4 27. Bxe4 b4 28. Bxg6 bxc3 29. Bf5 cxb2 30. Rae1 Rc1 31. Bxd7 b1=Q 32. Re8+ Bf8 33. Qxb1 Rbxb1 34. Rxc1 Rxc1+ 35. Kg2 Rd1 36. Bc6 f6 37. Kf3 Kf7 38. Ra8 Rd3+ 39. Kg2 Bc5 40. Ra5 Bb6 41. Rb5 Bd4 42. Rb7+ Kg6 43. Be8+ Kh6 44. f4 Rd2+ 45. Kf3 Bc5 46. h4 g5 47. hxg5+ fxg5 48. Rc7 Rd3+ 49. Ke4 Re3+ 50. Kf5 Be7 51. Rxe7 Rxe7 52. fxg5+ Kg7 53. d6 Rxe8 54. d7 Rd8 55. Ke6 Kf8 56. Kd6 Kf7 0-1


[Site "https://www.chess.com"]

[Event "Titled Tuesday Blitz August 15 Late 2023"]
[White "Manukyan, Sargis A."]
[Black "Gertler, David"]
[WhiteFideId "13303970"]
[BlackFideId "2017377"]
[WhiteElo "2584"]
[BlackElo "2306"]
[Result "1-0"]
[Round "1"]
[TimeControl "180+1"]
[Date "2023.08.15"]
[WhiteClock "0:00:30"]
[BlackClock "0:00:09"]
[Board "124"]

1. d4 Nf6 2. c4 Nc6 3. Nf3 e6 4. Nc3 Bb4 5. a3 Bxc3+ 6. bxc3 d6 7. e3 O-O 8. Bd3 Qe7 9. O-O e5 10. Nd2 Na5 11. e4 c5 12. d5 b6 13. Nb3 Nxb3 14. Qxb3 Ne8 15. f4 f5 16. fxe5 dxe5 17. exf5 e4 18. Bc2 Bxf5 19. Bf4 Rd8 20. Rae1 Nd6 21. Bxd6 Rxd6 22. Qb1 Rdf6 23. h3 Re8 24. Re3 Qe5 25. Rfe1 Qf4 26. Bxe4 Rg6 27. Bxf5 Rxe3 28. Bxg6 Rxe1+ 29. Qxe1 hxg6 30. Qe8+ Kh7 31. Qe1 Qxc4 32. Qd2 Qe4 33. d6 Qe8 34. d7 Qd8 35. Qd6 Kg8 36. Qe6+ Kf8 37. c4 Qe7 38. Qd5 Qd8 39. Qd6+ Kf7 40. a4 1-0


[Site "https://www.chess.com"]

[Event "Titled Tuesday Blitz August 15 Late 2023"]
[White "Boder, Jan"]
[Black "Golubev, Mikhail"]
[WhiteFideId "16243226"]
[BlackFideId "14100983"]
[WhiteElo "2305"]
[BlackElo "2582"]
[Result "1-0"]
[Round "1"]
[TimeControl "180+1"]
[Date "2023.08.15"]
[WhiteClock "0:00:23"]
[BlackClock "0:00:00"]
[Board "125"]

1. e4 c5 2. Nf3 d6 3. d4 Nf6 4. Nc3 cxd4 5. Nxd4 g6 6. g3 Nc6 7. Nde2 Bd7 8. Bg2 Qc8 9. h3 Bg7 10. Nd5 O-O 11. Be3 Rd8 12. c4 e6 13. Ndc3 d5 14. exd5 exd5 15. cxd5 Nb4 16. Nf4 Bf5 17. O-O g5 18. Nh5 Nxh5 19. Qxh5 h6 20. Rad1 Nc2 21. Bc1 Nd4 22. Rfe1 Bg6 23. Qg4 f5 24. Qxd4 Bxd4 25. Rxd4 Qc5 26. Red1 Re8 27. Be3 f4 28. gxf4 gxf4 29. Rxf4 Rxe3 30. fxe3 Qxe3+ 31. Rf2 Rf8 32. Rd2 Bd3 33. Bf1 Bxf1 34. Kxf1 Qxh3+ 35. Kg1 Qg3+ 36. Rg2 1-0


[Site "https://www.chess.com"]

[Event "Titled Tuesday Blitz August 15 Late 2023"]
[White "Zavgorodniy, Sergiy"]
[Black "Ivanova, Karina"]
[WhiteFideId "14110148"]
[BlackFideId "24139750"]
[WhiteElo "2578"]
[BlackElo "2304"]
[Result "1/2-1/2"]
[Round "1"]
[TimeControl "180+1"]
[Date "2023.08.15"]
[WhiteClock "0:02:35"]
[BlackClock "0:01:04"]
[Board "126"]

1. d4 Nf6 2. c4 e6 3. Nf3 b6 4. g3 Bb7 5. Bg2 Be7 6. O-O O-O 7. b3 d5 8. Nbd2 c5 9. Bb2 dxc4 10. Nxc4 Nbd7 11. Rc1 Rc8 12. e3 cxd4 13. Nxd4 Bxg2 14. Kxg2 Qc7 15. Qf3 Nc5 16. Rfd1 Rfd8 17. Nb5 Qb8 18. Nbd6 Bxd6 19. Nxd6 Rxd6 20. Rxd6 Qxd6 21. Bxf6 gxf6 22. b4 f5 23. bxc5 Rxc5 24. Rd1 Rd5 25. Rc1 Rc5 26. Rxc5 Qxc5 27. Qa8+ Kg7 28. Qxa7 Qd5+ 29. Kg1 Qd1+ 30. Kg2 Qd5+ 31. Kg1 Qd1+ 32. Kg2 Qd5+ 1/2-1/2


[Site "https://www.chess.com"]

[Event "Titled Tuesday Blitz August 15 Late 2023"]
[White "Garmendiarov"]
[Black "Graif, William"]
[BlackFideId "2609835"]
[WhiteElo "2303"]
[BlackElo "2575"]
[Result "0-1"]
[Round "1"]
[TimeControl "180+1"]
[Date "2023.08.15"]
[WhiteClock "0:00:03"]
[BlackClock "0:00:09"]
[Board "127"]

1. e4 e5 2. Nf3 Bc5 3. Bc4 Nf6 4. d3 Nc6 5. c3 d6 6. h3 h6 7. a4 a6 8. b4 Ba7 9. Be3 Bxe3 10. fxe3 O-O 11. O-O d5 12. exd5 Nxd5 13. Qe2 Be6 14. Bxd5 Qxd5 15. e4 Qd6 16. Na3 Rfd8 17. Rad1 Bb3 18. Nc4 Bxd1 19. Rxd1 Qe6 20. a5 Rd7 21. Ne3 Ne7 22. Nc4 Ng6 23. Kh2 Rad8 24. g3 Kh7 25. Ne3 Ne7 26. Nh4 g6 27. Nf3 b6 28. Nc4 Rxd3 29. Rxd3 Qxc4 30. Re3 Qxe2+ 31. Rxe2 bxa5 32. bxa5 Nc6 33. Kg2 Rd3 34. Rd2 Rxd2+ 35. Nxd2 Nxa5 36. Kf3 f5 37. Ke3 Kg7 38. Kd3 Kf6 39. c4 f4 40. gxf4 exf4 41. Nf3 g5 42. Kd4 h5 43. Kd5 g4 44. hxg4 hxg4 45. e5+ Ke7 46. Nd4 f3 47. Nf5+ Ke8 48. Ne3 g3 49. Ke4 g2 50. Kf5 g1=Q 51. Nd5 f2 52. Nf6+ Kd8 53. e6 f1=Q+ 54. Ke5 Qg5+ 55. Kd4 Qfxf6+ 56. Kd3 Qg3+ 57. Kc2 Qff2+ 0-1


[Site "https://www.chess.com"]

[Event "Titled Tuesday Blitz August 15 Late 2023"]
[White "TimGrutter03"]
[Black "Szente Varga, Fruzsina"]
[BlackFideId "712264"]
[WhiteElo "2573"]
[BlackElo "2301"]
[Result "0-1"]
[Round "1"]
[TimeControl "180+1"]
[Date "2023.08.15"]
[WhiteClock "0:00:00"]
[BlackClock "0:00:10"]
[Board "128"]

1. Nf3 Nf6 2. g3 d5 3. Bg2 g6 4. O-O Bg7 5. d3 O-O 6. Nc3 Bf5 7. Nh4 Bg4 8. h3 Be6 9. e4 dxe4 10. dxe4 Nc6 11. Nd5 Qd7 12. Bf4 Rac8 13. Kh2 Rfd8 14. c4 Nh5 15. Be3 Ne5 16. c5 c6 17. Nf4 Nxf4 18. Bxf4 Nd3 19. Rb1 Bxb2 20. Qa4 b5 21. cxb6 axb6 22. Rfd1 b5 23. Qc2 Bf6 24. Bf1 Bc4 25. Nf3 Qe6 26. e5 Nxe5 27. Nxe5 Bxe5 28. Bxc4 bxc4 29. Re1 f6 30. Rbc1 Rd4 31. Re3 Rcd8 32. Rce1 Rd2 33. Qa4 Rxf2+ 34. Kg1 Rdd2 35. Bxe5 fxe5 36. Qa8+ Kg7 37. Qb8 Rg2+ 38. Kf1 Qf5+ 0-1


[Site "https://www.chess.com"]

[Event "Titled Tuesday Blitz August 15 Late 2023"]
[White "Dr_Pepper18"]
[Black "Ilkhomi, Jaloliddin"]
[BlackFideId "14700948"]
[WhiteElo "2297"]
[BlackElo "2572"]
[Result "1-0"]
[Round "1"]
[TimeControl "180+1"]
[Date "2023.08.15"]
[WhiteClock "0:00:21"]
[BlackClock "0:00:11"]
[Board "129"]

1. d4 Nf6 2. c4 e6 3. Nc3 Bb4 4. e3 O-O 5. Bd2 b6 6. Nf3 d5 7. cxd5 exd5 8. Bd3 Ba6 9. Bxa6 Nxa6 10. O-O Qc8 11. Rc1 Qb7 12. Qa4 Rac8 13. Nb5 Bxd2 14. Nxd2 Rfd8 15. b4 c6 16. Nc3 Nc7 17. Qb3 Ne6 18. Rc2 h5 19. Nf3 Ne4 20. Rfc1 N6g5 21. Nxe4 Nxf3+ 22. gxf3 dxe4 23. fxe4 c5 24. d5 Rd6 25. bxc5 Rg6+ 26. Kf1 Qd7 27. c6 Qh3+ 28. Ke2 Rf6 29. Kd3 Rd6 30. c7 Qd7 31. a4 f5 32. f3 fxe4+ 33. fxe4 a6 34. Rc6 Rxc6 35. Rxc6 Rxc7 36. Qxb6 Rb7 37. Qc5 Rb3+ 38. Kc4 Rb1 39. Qd6 Qb7 40. Qe6+ Kh8 41. Qe8+ Kh7 42. Qxh5+ Kg8 43. Qe8+ Kh7 44. Qh5+ Kg8 45. Qe8+ Kh7 46. Qg6+ Kg8 47. Qe6+ Kh7 48. Qh3+ Kg8 49. Rc8+ Qxc8+ 50. Qxc8+ Kh7 51. Qf5+ g6 52. Qf7+ Kh6 53. e5 a5 54. e6 g5 55. e7 Rb4+ 56. Kd3 Rb8 57. e8=Q Rxe8 58. Qxe8 g4 59. Qf7 g3 60. hxg3 Kg5 61. Qf4+ Kh5 62. g4+ Kg6 63. Qf5+ Kg7 64. Qg5+ Kf7 65. Qe5 Kf8 66. Qe6 Kg7 67. d6 Kh7 68. Qf6 Kg8 69. Qe7 Kh8 70. d7 Kg8 71. d8=Q# 1-0


[Site "https://www.chess.com"]

[Event "Titled Tuesday Blitz August 15 Late 2023"]
[White "Przybylski, Wojciech"]
[Black "rikchessmx"]
[WhiteFideId "1117599"]
[WhiteElo "2568"]
[BlackElo "2293"]
[Result "1-0"]
[Round "1"]
[TimeControl "180+1"]
[Date "2023.08.15"]
[WhiteClock "0:00:07"]
[BlackClock "0:00:09"]
[Board "130"]

1. d4 Nf6 2. c4 e6 3. Nc3 d5 4. Nf3 c6 5. g3 Nbd7 6. Bg2 dxc4 7. a4 Bb4 8. O-O Bxc3 9. bxc3 Nd5 10. Qc2 b5 11. e4 N5b6 12. a5 Na4 13. Ba3 Qxa5 14. Bb4 Qb6 15. Rfb1 Bb7 16. Rxa4 bxa4 17. Bd6 Qa6 18. Nd2 Rc8 19. e5 Nb6 20. Bf1 Kd7 21. Ne4 c5 22. Nxc5+ Rxc5 23. dxc5 Nd5 24. Bg2 Bc6 25. h3 h5 26. Kh2 h4 27. g4 Nf4 28. f3 Ba8 29. Qd2 Nxg2 30. Kxg2 Qc6 31. Qe2 Qd5 32. Rf1 f5 33. Rd1 Qc6 34. gxf5 exf5 35. e6+ Ke8 36. e7 Kf7 37. Kf2 Re8 38. Qe3 g6 39. Rf1 Qd5 40. Kg2 Qd3 41. Qh6 f4 42. Qh7+ Ke6 43. Qh6 Kd7 44. Qg5 Bc6 45. Qg4+ Qf5 46. Qxf5+ gxf5 47. Rb1 Ke6 48. Kf2 Kd5 49. Rd1+ Ke6 50. Re1+ Kd7 51. Ke2 Ke6 52. Kd2+ Kd7 53. Ke2 Ke6 54. Kf2+ Kd7 55. Rg1 Bd5 56. Ke2 Kc6 57. Ra1 Kb5 58. Rb1+ Ka5 59. Bc7+ Ka6 60. Bd8 Bc6 61. Ra1 Kb5 62. Kf2 Kxc5 63. Rb1 Kd5 64. Rd1+ Kc5 65. Ra1 Kb5 66. Ke2 a5 67. Rb1+ Kc5 68. Ra1 Kb5 69. Kf2 Kc5 70. Bxa5 Kd5 71. Bb4 Ke6 72. Re1+ Kf7 73. Rd1 Rg8 74. Rd8 Be8 75. Ra8 Rg3 76. Ra5 Kf6 77. Ra6+ Kf7 78. Ra5 Rxh3 79. Rxf5+ Kg6 80. Rf8 Bf7 81. e8=Q Bxe8 82. Rxe8 Rh2+ 83. Kg1 Rh3 84. Kg2 Rg3+ 85. Kf2 h3 86. Rh8 Rg2+ 87. Kf1 Rg3 88. Kf2 Kf5 89. Rh5+ Ke6 90. Rh4 Ke5 91. Rh5+ Ke6 92. Bc5 Kf6 93. Rh4 Kf5 94. Rh8 Ke6 95. Ke2 Kd5 96. Bf2 Rg2 97. Kf1 a3 98. Rxh3 a2 99. Rh5+ Ke6 100. Ra5 Rh2 101. Rxa2 Rh1+ 102. Ke2 Rc1 103. Be1 Rb1 104. Ra5 Rb2+ 105. Bd2 Rb3 106. Rc5 Rb2 107. Rxc4 Ra2 108. Rxf4 Ke5 109. Re4+ Kd5 110. Kd3 Ra3 111. Rd4+ Ke5 112. f4+ Kf5 113. Rb4 Kg4 114. Be3 Ra1 115. Rd4 Rd1+ 116. Kc4 Re1 117. Bd2 Re8 118. Kd3 Rc8 119. c4 Kf5 120. Be3 Kg4 121. Rd5 Kf3 122. Re5 Rd8+ 123. Bd4 Kxf4 124. Re7 Rc8 125. c5 Kf5 126. Kc4 Re8 127. Rxe8 1-0


[Site "https://www.chess.com"]